 Dungeon Crawl Stone Soup version 0.31-a0-618-g7ca08c1ff9 (webtiles) character file.

Game seed: 5107763082770232797

690 thirtiethelement the Firebug (level 7, 0/81 HPs)
             Began as a Demonspawn Cinder Acolyte on Aug 23, 2023.
             Was an Elder of Ignis.
             Succumbed to a scorpion's poison
             ... on level 5 of the Dungeon.
             The game lasted 00:09:34 (4931 turns).

thirtiethelement the Firebug (DsCA)                 Turns: 4931, Time: 00:09:35

Health: 0/81       AC: 23    Str: 14    XL:     7   Next: 36%
Magic:  10/13      EV:  2    Int: 18    God:    Ignis [****..]
Gold:   141        SH:  0    Dex:  8    Spells: 12/14 levels left

rFire   + . .        o - +3 hand axe
rCold   . . .        (no shield)
rNeg    . . .        e - melded +2 ring mail {rF+}
rPois   +            (helmet currently unavailable)
rElec   .            j - melded +0 cloak
rCorr   .            g - melded +0 pair of gloves
SInv    .            (boots currently unavailable)
Will    .....        (no amulet)
Stlth   +            (no ring)
HPRegen 0.33/turn    (no ring)
MPRegen 0.13/turn

%: no passive effects
@: lethally poisoned (0 -> -6), tree-form
A: stationary, stasis, torment immunity, boosted hp, (hooves 2), ignite blood 1,
powered by pain 1
a: Renounce Religion, Fiery Armour, Foxfire Swarm, Rising Flame


You were on level 5 of the Dungeon.
You worshipped Ignis.
Ignis was greatly pleased with you.
You were a tree.
You visited 1 branch of the dungeon, and saw 5 of its levels.

You collected 141 gold pieces.

Inventory:

Hand Weapons
 o - a +3 hand axe (weapon)
Missiles
 i - 8 boomerangs (quivered)
 q - 2 throwing nets
Armour
 e - a +2 ring mail of fire resistance (melded)
 g - a +0 pair of gloves (melded)
 j - a +0 cloak (melded)
Wands
 r - a wand of flame (12)
 s - a wand of charming (8)
 v - a wand of polymorph (11)
Scrolls
 b - 2 scrolls of fear {unknown}
 c - 2 scrolls of enchant weapon {unknown}
 d - 2 scrolls of identify {unknown}
 h - a scroll of brand weapon {unknown}
 l - 2 scrolls of teleportation {unknown}
 t - a scroll of blinking {unknown}
Potions
 a - a potion of haste {unknown}
 f - 4 potions of lignification
 k - a potion of enlightenment {unknown}
 m - a potion of brilliance {unknown}
 n - a potion of mutation {unknown}
 p - a potion of attraction {unknown}
 u - a potion of berserk rage {unknown}


   Skills:
 + Level 4.1 Fighting
 + Level 4.1 Axes
 + Level 0.9 Throwing
 + Level 1.2 Armour
 + Level 1.6 Dodging
 + Level 0.2 Stealth
 + Level 4.0 Spellcasting
 + Level 4.4 Fire Magic


You had 12 spell levels left.
You knew the following spells:

 Your Spells              Type           Power      Damage    Failure   Level
a - Scorch                Fire           38%        2d6       3%          2

Your spell library contained the following spells:

 Spells                   Type           Power      Damage    Failure   Level
 Blink                    Tloc           6%         N/A       22%         2
 Lesser Beckoning         Tloc           6%         N/A       22%         2
 Momentum Strike          Conj/Tloc      6%         3d8       22%         2
 Fireball                 Conj/Fire      5%         3d5       86%         5
 Iskenderun's Battlesphe  Conj           3%         2d6       99%         5
 Conjure Ball Lightning   Conj/Air       1%         3x3d6     100%        6
 Orb of Destruction       Conj           1%         9d5       100%        7


Dungeon Overview and Level Annotations

Branches:
Dungeon (5/15)
 Temple: D:4-7

Altars:


Innate Abilities, Weirdness & Mutations

You are a tree.
Your roots penetrate the ground, keeping you stationary.
You cannot be teleported.
You are immune to unholy pain and torment.
Your maximum health is greatly increased.
Your equipment is partially melded.
((You have hoof-like feet.))
Your demonic aura sometimes causes spilled blood to erupt in flames.
You sometimes gain a little power by taking damage.


Message History

You completely miss the iguana.
You feel sick. The iguana barely misses you.
The scorpion stings you but does no damage.
You hit the scorpion but do no damage.
You kick the scorpion, but do no damage.
The scorpion is almost dead.
You hit the iguana but do no damage.
You feel sick. The scorpion closely misses you. The iguana closely misses you.
The scorpion barely misses you.
You barely miss the scorpion. Your kick misses the scorpion.
The scorpion is almost dead.
You hit the iguana.
You feel sick. The iguana bites you!
The scorpion stings you but does no damage.
The iguana bites you but does no damage.
You hit the scorpion.
The scorpion is almost dead.
You closely miss the iguana.
You feel sick. The scorpion stings you.
* * * LOW HITPOINT WARNING * * *
You are more poisoned.
The scorpion poisons you!
The iguana bites you but does no damage.
You barely miss the iguana. You kick the iguana, but do no damage.
The iguana is heavily wounded.
You slash the scorpion!
You kill the scorpion!
You feel very sick. The iguana closely misses you.
Your Spellcasting skill increases to level 4!
Casting: Scorch (safe; 8% risk of failure)
Confirm with . or Enter, or press ? or * to list all spells.
Flames lash the iguana.
The iguana is heavily wounded.
The iguana's fire resistance burns away.
You feel sick. The iguana bites you!
* * * LOW HITPOINT WARNING * * *
It was a potion of lignification.
You turn into a tree.
Your +0 cloak melds into your body.
Your +0 pair of gloves melds into your body.
Your +2 ring mail of fire resistance melds into your body.
You feel less resistant to fire.
Your roots penetrate the ground.
You die...

#.......#
#.......#
#.......###
#.........###
#............
###............
...............
#...l♣......=
##.#.........
#.........
).#....... ..#
..#..## ...
..#..# .#.# ...
... #... ...#
.#


You could see an iguana (combustible).

Vanquished Creatures
  Sigmund (D:2)
  2 scorpions
  3 orc priests
  Jessica (D:2)
  Ijyb (D:3)
  2 iguanas (D:4)
  5 gnolls
  5 adders
  3 shadow imps (D:3)
  5 dart slugs
  7 orcs
  14 endoplasms
  3 giant cockroaches
  10 goblins
  3 hobgoblins
  4 jackals
  5 quokkas
  9 ball pythons
  5 bats
  5 frilled lizards
  11 kobolds
  2 rats (D:1)
106 creatures vanquished.

Vanquished Creatures (others)
  34 foxfires
34 creatures vanquished.

Grand Total: 140 creatures vanquished

Notes
Turn   | Place    | Note
-------+----------+-------------------------------------------
     0 | D:1      | thirtiethelement the Demonspawn Cinder Acolyte began the
                  | quest for the Orb.
     0 | D:1      | Reached XP level 1. HP: 18/18 MP: 2/2
   226 | D:1      | Gained mutation: You have large cloven feet. [demonic
                  | ancestry]
   226 | D:1      | Reached XP level 2. HP: 10/24 MP: 3/3
   229 | D:1      | Learned a level 2 spell: Scorch
   333 | D:1      | You fall into a shaft and drop 1 floor!
   342 | D:2      | Found a faded altar of an unknown god.
   373 | D:2      | Noticed Sigmund
   819 | D:1      | Gained mutation: You sometimes gain a little power by
                  | taking damage. [demonic ancestry]
   819 | D:1      | Reached XP level 3. HP: 30/30 MP: 1/4
  1136 | D:2      | Killed Sigmund
  1137 | D:2      | Reached skill level 1 in Dodging
  1137 | D:2      | Gained mutation: Your demonic aura sometimes causes spilled
                  | blood to erupt in flames. [demonic ancestry]
  1137 | D:2      | Reached XP level 4. HP: 37/37 MP: 0/7
  1137 | D:2      | Reached XP level 5. HP: 42/42 MP: 0/8
  1223 | D:2      | Noticed Jessica
  1226 | D:2      | Killed Jessica
  2085 | D:3      | Found a transporter.
  2133 | D:3      | Reached XP level 6. HP: 45/48 MP: 6/9
  2479 | D:3      | Found a transporter.
  2913 | D:3      | Noticed Ijyb
  2918 | D:3      | Killed Ijyb
  4113 | D:3      | Gained mutation: You have hoof-like feet. [demonic
                  | ancestry]
  4113 | D:3      | Reached XP level 7. HP: 37/54 MP: 4/12
  4185 | D:4      | Reached skill level 1 in Armour
  4916 | D:5      | Entered Level 5 of the Dungeon
  4930 | D:5      | HP: 1/54 [iguana (9)]
  4931 | D:5      | Succumbed to a scorpion's poison

Illustrated notes

Levels and vault maps discovered:
D:1:      wander_arrival_estate, layout_loops_cross, minmay_misc_feat_cross
D:2:      layout_basic, hellmonk_ecumenical_altar_heavens_door,
          minmay_joined_circles, uniq_jessica, uniq_sigmund
D:3:      gammafunk_wand_slinger, layout_basic, uniq_ijyb
D:4:      layout_basic, st_stairs_5, kennysheep_generic_room_6
D:5:      layout_rooms, nicolae_overflow_crystal_walls,
          mainiacjoe_overflow_six_doors_small

Skill      XL: |  1  2  3  4  5  6  7 |
---------------+----------------------+-----
Fighting       | 4 |  4.1
Axes           | 3 4 |  4.1
Dodging        | 1 |  1.6
Spellcasting   | 2 3 4 |  4.0
Fire Magic     | 3 4 |  4.4
Armour         | 1 |  1.2
Throwing       | |  0.9
Stealth        | |  0.2

Action                     |  1- 3 |  4- 6 |  7- 9 || total
---------------------------+-------+-------+-------++-------
  Melee: Hand axe          |    20 |    36 |    22 ||    78
         War axe           |    47 |    25 |       ||    72
         Kick              |     5 |    12 |     7 ||    24
         Punch             |     1 |     2 |       ||     3
  Throw: Boomerang         |       |    16 |       ||    16
   Cast: Scorch            |    10 |    64 |     8 ||    82
 Invoke: Foxfire Swarm     |     2 |       |       ||     2
    Use: Potion            |       |       |     1 ||     1
 Armour: Robe              |    16 |       |       ||    16
         Ring mail         |    12 |    37 |    12 ||    61
  Dodge: Dodged            |    50 |    43 |    15 ||   108

Table legend: (Time is in decaauts)
 A = Elapsed time spent in this place.
 B = Non-inter-level travel time spent in this place.
 C = Inter-level travel time spent in this place.
 D = Time resting spent in this place.
 E = Time spent auto-exploring this place.
 F = Levels seen in this place.
 G = Mean time per level.
                   A        B        C        D        E       F      G
               +--------+--------+--------+--------+--------+-----+--------+
         Total |   4972 |   4877 |     95 |    351 |   3784 |   5 |  994.4 |
       Dungeon |   4972 |   4877 |     95 |    351 |   3784 |   5 |  994.4 |
               +--------+--------+--------+--------+--------+-----+--------+

Top non-repeatable levels by time:
     D:3: 1590 daAuts
     D:4: 1267 daAuts
     D:2: 1082 daAuts
     D:1: 1016 daAuts
     D:5: 16 daAuts
